 Dungeon Crawl Stone Soup version 0.30.1-1-g62c8e00024 (webtiles) character file.

Game seed: 17096346119767652128

288 Heoruswealwe the Conjurer (level 6, -2/32 HPs)
             Began as a Deep Elf Conjurer on July 14, 2023.
             Slain by a kobold
             ... wielding a +0 club
              (4 damage)
             ... on level 4 of the Dungeon.
             The game lasted 00:21:36 (2045 turns).

Heoruswealwe the Conjurer (Deep Elf Conjurer)       Turns: 2045, Time: 00:21:41

Health: -2/32      AC:  3    Str:  8    XL:     6   Next: 9%
Magic:  9/17       EV: 12    Int: 24    God:
Gold:   134        SH:  0    Dex: 12    Spells: 3/17 levels left

rFire   . . .        b - +1 war axe (heavy)
rCold   . . .        (no shield)
rNeg    . . .        c - +0 robe
rPois   .            g - +0 helmet
rElec   .            (no cloak)
rCorr   .            (no gloves)
SInv    .            (no boots)
Will    .....        (no amulet)
Stlth   ++           (no ring)
HPRegen 0.25/turn    (no ring)
MPRegen 0.15/turn

%: no passive effects
@: very slightly contaminated, slowed, very slow
A: mutation resistance 1, strong 1
a: no special abilities


You were on level 4 of the Dungeon.
You visited 1 branch of the dungeon, and saw 4 of its levels.

You collected 134 gold pieces.

Inventory:

Hand Weapons
 b - a +1 heavy war axe (weapon)
 r - a +0 rapier
Armour
 c - a +0 robe (worn)
 g - a +0 helmet (worn)
 q - a +0 robe
 t - a +0 robe
Magical Staves
 n - a staff of fire
Wands
 s - a wand of digging (1)
Scrolls
 d - 2 scrolls of identify {unknown}
 e - 2 scrolls of vulnerability {unknown}
 f - a scroll of amnesia {unknown}
 h - 3 scrolls of teleportation {unknown}
 i - a scroll of noise {unknown}
 p - a scroll of silence {unknown}
Potions
 a - a potion of mutation
 j - a potion of invisibility {unknown}
 k - 2 potions of magic
 l - a potion of berserk rage {unknown}
 m - a potion of cancellation {unknown}
 o - a potion of might {unknown}


   Skills:
 - Level 2.4 Dodging
 - Level 2.4 Stealth
 + Level 6.4 Spellcasting
 + Level 6.5 Conjurations


You had 3 spell levels left.
You knew the following spells:

 Your Spells              Type           Power      Damage    Failure   Level
a - Magic Dart            Conj           100%       1d8       1%          1
b - Searing Ray           Conj           78%        2d7       1%          2
c - Dazzling Flash        Conj/Hex       46%        N/A       6%          3
d - Fulminant Prism       Conj/Hex       11%        3d8       21%         4
e - Iskenderun's Mystic   Conj/Tloc      23%        2d6       21%         4

Your spell library contained the following spells:

 Spells                   Type           Power      Damage    Failure   Level
 Blink                    Tloc           14%        N/A       12%         2
 Portal Projectile        Hex/Tloc       14%        N/A       22%         3
 Tukima's Dance           Hex            7%         N/A       22%         3
 Manifold Assault         Tloc           7%         N/A       58%         4
 Blade Hands              Tmut           3%         N/A       91%         5
 Storm Form               Tmut/Air       3%         N/A       100%        7


Dungeon Overview and Level Annotations

Branches:
Dungeon (4/15)
 Temple: D:4-7

Altars:


Innate Abilities, Weirdness & Mutations

You are somewhat resistant to further mutation.
Your muscles are strong. (Str +4, Int/Dex -1)


Message History

An orc comes into view. It is wielding a +0 flail.
The orc throws a boomerang.
The boomerang hits you.
Casting: Searing Ray (safe; 1% risk of failure)
Confirm with . or Enter, or press ? or * to list all spells.
The spell is extremely dangerous to miscast (19% risk of failure)!
Continue anyway?
Aiming: Fulminant Prism (extremely dangerous; 19% risk of failure)
Press: ? - help, Dir - move target You miscast Fulminant Prism.
You are very lightly contaminated with residual magic.
Magic surges out from your body.
You feel yourself slow down.
The ball python hisses angrily.
The orc throws a boomerang.
The boomerang hits you.
Casting: Fulminant Prism (extremely dangerous; 19% risk of failure)
Confirm with . or Enter, or press ? or * to list all spells.
The spell is extremely dangerous to miscast (19% risk of failure)!
Continue anyway?
Aiming: Fulminant Prism (extremely dangerous; 19% risk of failure)
Press: ? - help, Dir - move target You conjure a prism of explosive energy!
A fulminant prism comes into view.
An orc priest comes into view.
It is wielding a +0 flail of protection.
The orc priest invokes the aid of Beogh against you.
Beogh smites you!
Your fulminant prism crackles loudly.
The orc hits your fulminant prism with a +0 club.
The orc priest mumbles some strange prayers to Beogh against you.
Beogh smites you!
* * * LOW HITPOINT WARNING * * *
It was a potion of mutation.
You feel extremely strange.
You feel genetically stable.
You feel stronger.
Your fulminant prism explodes!
The blast of energy engulfs the orc.
The orc is severely wounded.
The blast of energy engulfs the orc!!
You kill the orc!
The blast of energy engulfs the orc!
You kill the orc!
The blast of energy engulfs the orc.
The orc is severely wounded.
The kobold closely misses you. The kobold hits you with a +0 club.
You die...

..# #......#.##
..######......#..####...
..#.#...................
......##>.....# #$..o[.
.<...).#......# ...))..
.##..#........# ..o....
.###..........## .o.....
..####.........##KS.....
#.####..#.......@.......
#.......##.....#.g......
...#.#####...........$..
.#.#.# #......#.......
.#.... ...........##..#
.....###.#.......#.. ..
#....# #.#.###.#..#.# .
#..#.# .. #. .. ##....


You could see an orc priest, 2 orcs, a goblin, a ball python and a kobold.

Vanquished Creatures
  Sigmund (D:4)
  A hound (D:4)
  3 gnolls (D:3)
  3 adders
  A worm (D:2)
  A dart slug (D:2)
  3 orcs
  6 endoplasms
  3 giant cockroaches (D:3)
  6 goblins
  2 hobgoblins
  2 quokkas
  4 ball pythons
  5 bats
  5 kobolds
  2 rats
48 creatures vanquished.

Vanquished Creatures (others)
  A fulminant prism (D:4)
1 creature vanquished.

Grand Total: 49 creatures vanquished

Notes
Turn   | Place    | Note
-------+----------+-------------------------------------------
     0 | D:1      | Heoruswealwe the Deep Elf Conjurer began the quest for the
                  | Orb.
     0 | D:1      | Reached XP level 1. HP: 10/10 MP: 6/6
   208 | D:1      | Reached XP level 2. HP: 15/15 MP: 4/8
   211 | D:1      | Learned a level 2 spell: Searing Ray
   750 | D:2      | Reached skill level 5 in Conjurations
   750 | D:2      | Reached XP level 3. HP: 19/19 MP: 4/10
   754 | D:2      | Learned a level 3 spell: Dazzling Flash
  1304 | D:3      | Reached XP level 4. HP: 24/24 MP: 2/12
  1309 | D:3      | Learned a level 4 spell: Fulminant Prism
  1854 | D:4      | Reached skill level 5 in Spellcasting
  1903 | D:4      | Reached XP level 5. HP: 28/28 MP: 5/14
  1908 | D:4      | Learned a level 4 spell: Iskenderun's Mystic Blast
  1927 | D:4      | Noticed Sigmund
  1939 | D:4      | Killed Sigmund
  1940 | D:4      | Reached XP level 6. HP: 23/32 MP: 3/17
  2045 | D:4      | Gained mutation: You are somewhat resistant to further
                  | mutation. [potion of mutation]
  2045 | D:4      | Gained mutation: Your muscles are strong. (Str +4, Int/Dex
                  | -1) [potion of mutation]
  2045 | D:4      | Slain by a kobold

Illustrated notes

Levels and vault maps discovered:
D:1:      mrwooster_arrival_statue_3, layout_rooms, grunt_decor_fettered
D:2:      layout_basic
D:3:      layout_loops_ring, grunt_ministairs_3, hangedman_decor_points
D:4:      layout_rooms, elyvilon_altar_3, uniq_sigmund

Skill      XL: |  1  2  3  4  5 |
---------------+----------------+-----
Spellcasting   | 4 5 6 |  6.4
Conjurations   | 5 6 |  6.5
Dodging        | |  2.4
Stealth        | |  2.4

Action                     |  1- 3 |  4- 6 || total
---------------------------+-------+-------++-------
   Cast: Magic Dart        |    52 |    22 ||    74
         Searing Ray       |     1 |     3 ||     4
         Fulminant Prism   |       |     1 ||     1
    Use: Potion            |       |     1 ||     1
 Armour: Robe              |     3 |     2 ||     5
  Dodge: Dodged            |     5 |     1 ||     6
